Map: [ESL] Blackburn

Players

uThermal

  • Race: Terran Terran

Astrea - Winner!

  • Race: Protoss Protoss

Event: IEM Katowice 2022

VOD

Have the link to the VOD?

Description

Time

  • Played on: Feb. 23, 2022, 2:46 p.m.
  • Length: 10:32

All games in this series

Show
View Real Time Build Order
Export as new Build Order

uThermal Terran 

Build Orders:  

Get SALT Encoding   

  12  0:00  SCV  
  13  0:12  SCV  
  14  0:17  Supply Depot  
  14  0:24  SCV  
  15  0:38  SCV  
  15  0:39  Barracks  
  16  0:43  Refinery  
  16  0:51  SCV  
  17  1:03  SCV  
  18  1:15  SCV  
  19  1:26  Marine  
  19  1:27  Orbital Command  
  20  1:41  Command Center  
  20  1:45  Barracks Reactor  
  20  1:53  SCV  
  21  1:56  Supply Depot  
  21  2:05  SCV  
  22  2:09  Factory  
  22  2:16  Refinery  
  22  2:17  SCV  
  22  2:21  Marine x2  
  25  2:29  SCV  
  26  2:39  Marine x2  
  26  2:41  SCV  
  29  2:53  Orbital Command  
  29  2:54  Starport  
  29  2:55  Factory Tech Lab  
  29  2:57  Marine  
  30  2:59  Marine  
  30  3:02  SCV  
  32  3:13  Siege Tank  
  32  3:16  Marine  
  32  3:17  Marine  
  32  3:18  SCV  
  38  3:20  SCV  
  39  3:27  Supply Depot  
  39  3:32  SCV  
  39  3:33  SCV  
  41  3:35  Marine x2  
  43  3:45  Siege Tank  
  46  3:48  Medivac  
  46  3:51  Supply Depot  
  46  3:53  Marine x2  
  46  3:55  SCV  
  51  4:02  SCV  
  52  4:04  Supply Depot  
  52  4:09  SCV  
  53  4:11  Marine  
  53  4:12  Marine  
  53  4:13  Engineering Bay  
  55  4:24  Siege Tank  
  55  4:25  SCV  
  55  4:27  SCV  
  55  4:29  Marine  
  61  4:32  Marine  
  61  4:33  Starport Tech Lab  
  61  4:38  SCV  
  61  4:48  SCV  
  60  4:57  Marine x2, Siege Tank  
  60  4:58  SCV, Bunker  
  63  5:02  SCV  
  64  5:12  Barracks  
  64  5:17  Raven  
  64  5:20  Marine x2  
  64  5:21  SCV  
  64  5:29  SCV  
  64  5:35  Barracks  
  62  5:38  Marine  
  62  5:39  Marine, Siege Tank  
  62  5:42  SCV  
  67  5:47  SCV  
  67  5:48  Refinery  
  68  5:50  Supply Depot  
  68  5:54  SCV  
  68  5:56  Marine  
  70  6:06  Supply Depot  
  70  6:09  Stimpack  
  70  6:12  SCV x2, Marine x2  
  70  6:14  Marine  
  70  6:18  Supply Depot, Starport Reactor  
  75  6:20  Refinery  
  75  6:22  Factory Reactor  
  75  6:24  SCV x2  
  77  6:25  Supply Depot  
  77  6:29  Marine  
  77  6:31  Supply Depot  
  77  6:32  Marine x2, Combat Shield  
  80  6:36  SCV x2  
  79  6:44  Marine  
  75  6:48  SCV  
  75  6:49  Marine  
  75  6:50  Marauder  
  72  6:55  Marine  
  72  6:58  SCV  
  72  7:01  Widow Mine x2, Medivac  
  71  7:02  Marine  
  71  7:08  Medivac  
  69  7:09  Marine  
  69  7:10  Barracks x2  
  69  7:12  Marauder  
  69  7:14  Marauder  
  74  7:16  Terran Infantry Weapons Level 1  
  74  7:20  Marine  
  74  7:22  Widow Mine x2  
  79  7:27  Marine  
  79  7:29  Missile Turret  
  80  7:33  Marauder  
  80  7:35  Marauder, Medivac  
  80  7:36  Missile Turret  
  86  7:37  Missile Turret  
  86  7:39  Marine  
  86  7:44  Widow Mine x2  
  91  7:51  Concussive Shells  
  91  7:53  Marine  
  91  7:54  Marauder  
  91  7:56  Marauder  
  91  7:57  Supply Depot, Marine  
  97  8:00  Medivac  
  97  8:04  Marine x2  
  101  8:11  Widow Mine  
  101  8:12  Widow Mine  
  105  8:13  Marine  
  105  8:15  Marine  
  105  8:16  Marauder  
  105  8:19  Marauder  
  111  8:20  Supply Depot  
  111  8:21  Supply Depot  
  109  8:28  Medivac  
  108  8:42  Widow Mine  
  104  8:50  Widow Mine  
  97  8:56  Marine x2, Marauder  
  85  9:19  Marine  
  85  9:22  Marine x2  
  85  9:32  SCV x2  
  85  9:35  Marine  
  79  9:51  Marine x2  
  79  9:52  Marauder x2  
  79  9:56  SCV  
  77  10:01  Barracks Tech Lab  
  77  10:05  Barracks Tech Lab  
Show
View Real Time Build Order
Export as new Build Order

Astrea Protoss - Winner!

Build Orders: 1 Gate Expand, Phoenix Opening, Blink Stalkers 

Get SALT Encoding   

  12  0:00  Probe  
  13  0:12  Probe  
  14  0:16  Pylon  
  14  0:24  Probe (Chrono Boost)  
  16  0:36  Gateway, Probe (Chrono Boost)  
  16  0:42  Probe (Chrono Boost)  
  16  0:45  Assimilator  
  17  0:51  Probe  
  18  1:03  Probe  
  19  1:15  Probe  
  20  1:23  Cybernetics Core  
  20  1:32  Nexus  
  20  1:34  Probe  
  21  1:40  Pylon  
  21  1:46  Probe  
  22  1:56  Assimilator  
  22  1:59  Probe (Chrono Boost), Adept  
  25  2:02  Warp Gate  
  26  2:08  Probe (Chrono Boost)  
  26  2:13  Probe (Chrono Boost)  
  27  2:25  Probe  
  27  2:27  Twilight Council  
  28  2:34  Stalker  
  30  2:39  Probe (Chrono Boost)  
  31  2:45  Probe (Chrono Boost)  
  33  2:52  Gateway  
  33  2:54  Blink (Chrono Boost), Probe x2 (Chrono Boost)  
  34  3:01  Probe  
  34  3:04  Probe  
  36  3:13  Probe  
  36  3:16  Probe  
  38  3:20  Sentry  
  38  3:25  Probe  
  41  3:28  Probe  
  42  3:36  Nexus  
  42  3:38  Pylon, Probe  
  42  3:40  Probe  
  44  3:50  Probe  
  44  3:53  Probe, Phoenix  
  46  3:58  Stalker x2  
  46  4:02  Robotics Facility, Probe  
  51  4:06  Probe  
  50  4:12  Pylon  
  50  4:14  Probe  
  50  4:15  Assimilator  
  51  4:18  Probe  
  51  4:21  Stalker  
  54  4:24  Pylon  
  54  4:30  Probe x2  
  39  4:31  Charge (Chrono Boost)  
  56  4:35  Stalker  
  58  4:41  Shield Battery  
  58  4:42  Probe  
  59  4:48  Stalker  
  59  4:50  Pylon  
  59  4:51  Pylon  
  58  5:01  Stalker  
  57  5:07  Gateway  
  57  5:10  Stalker, Gateway  
  58  5:19  Probe  
  59  5:21  Stalker  
  59  5:23  Probe  
  59  5:28  Probe  
  59  5:32  Probe  
  59  5:35  Probe  
  61  5:40  Probe, Phoenix  
  62  5:44  Probe  
  62  5:45  Gateway x2  
  62  5:46  Robotics Facility  
  62  5:47  Gateway, Probe  
  64  5:52  Probe  
  64  5:56  Probe  
  66  5:59  Gateway  
  66  6:00  Gateway  
  66  6:07  Stalker x2  
  66  6:09  Stalker  
  66  6:11  Probe x2  
  74  6:12  Probe  
  74  6:15  Pylon  
  75  6:32  Zealot x3  
  81  6:34  Observer (Chrono Boost)  
  80  6:41  Zealot x2  
  80  6:46  Zealot  
  78  6:50  Probe  
  78  6:54  Zealot x4  
  79  6:57  Stalker  
  73  7:10  Forge, Nexus, Observer  
  73  7:12  Forge  
  73  7:13  Sentry, Zealot x2  
  73  7:14  Zealot x3  
  73  7:15  Zealot  
  88  7:28  Robotics Bay  
  88  7:29  Pylon, Probe x3  
  91  7:32  Sentry, Assimilator x2, Observer  
  93  7:37  Protoss Ground Weapons Level 1 (Chrono Boost)  
  93  7:38  Zealot x3  
  93  7:40  Protoss Ground Armor Level 1 (Chrono Boost)  
  93  7:41  Probe  
  100  7:45  Pylon  
  100  7:47  Pylon  
  100  7:54  Stalker x2  
  100  7:57  Observer  
  104  8:02  Stalker x2  
  107  8:06  Stalker x2  
  107  8:07  Stalker  
  111  8:14  Stalker  
  111  8:16  Colossus (Chrono Boost)  
  119  8:23  Pylon  
  119  8:28  Zealot x3  
  125  8:41  Zealot x5  
  119  8:50  Zealot  
  119  8:51  Zealot x2  
  99  9:03  Zealot x5  
  105  9:13  Stalker  
  105  9:14  Stalker x2  
  101  9:19  Colossus  
  102  9:27  Sentry x2  
  102  9:28  Stalker x3  
  103  9:39  Stalker x3  
  103  9:42  Observer  
  99  9:53  Probe x3  
  102  10:00  Stalker x2  
  102  10:05  Probe x3  
  109  10:15  Pylon x2  
  109  10:16  Pylon  

Tags
 
Add a new tag
Caveats
  • Supply blocks, unpowered buildings, or Contaminate may cause inaccurate times.
  • Supply counts are checked every 10 seconds.